 Dungeon Crawl Stone Soup version 0.22-a0-49-g614aadd (webtiles) character file.

39 galech the Ruffian (level 3, -3/36 HPs)
             Began as a Troll Monk on Jan 8, 2018.
             Slain by a worm (11 damage)
             ... on level 2 of the Dungeon.
             The game lasted 00:01:27 (977 turns).

galech the Ruffian (Troll Monk)                      Turns: 977, Time: 00:01:28

Health: -3/36      AC:  5    Str: 20    XL:     3   Next: 26%
Magic:  2/2        EV: 10    Int:  6    God:
Gold:   58         SH:  0    Dex: 12    Spells: 2/2 levels left

rFire    . . .     SeeInvis .     - Unarmed
rCold    . . .     Gourm    +   (no shield)
rNeg     . . .     Faith    .   a - +0 robe
rPois    .         Spirit   .   (helmet restricted)
rElec    .         Reflect  .   (no cloak)
rCorr    .         Harm     .   (gloves unavailable)
MR       .....                  (boots unavailable)
Stlth    ++........             (no amulet)
HPRegen  0.52/turn              (no ring)
MPRegen  0.08/turn              (no ring)

@: no status effects
A: large, unfitting armour, claws 3, fast metabolism 3, gourmand, regeneration
1, shaggy fur 1, tough skin 2
a: no special abilities


You were on level 2 of the Dungeon.
You were very full.

You visited 1 branch of the dungeon, and saw 2 of its levels.

You collected 58 gold pieces.

Inventory:

Armour
 a - a +0 robe (worn)
Jewellery
 d - an uncursed ring of fire {unknown}
Scrolls
 c - 4 scrolls of identify {unknown}
 g - a scroll of remove curse {unknown}
 h - a scroll of magic mapping {unknown}
 j - a scroll of fog {unknown}
Potions
 e - 2 potions of might {unknown}
 i - a potion of agility {unknown}
 k - 2 potions of curing {unknown}
Comestibles
 b - 3 rations
 f - 3 chunks of flesh


   Skills:
 + Level 2.8 Fighting
 + Level 2.8 Dodging
 + Level 1.1 Stealth
 + Level 3.6 Unarmed Combat


You had 2 spell levels left.
You didn't know any spells.

Dungeon Overview and Level Annotations

Branches:
Dungeon (2/15)

Altars:


Innate Abilities, Weirdness & Mutations

You are too large for most types of armour.
You have claws for hands.
Your metabolism is lightning-fast.
You like to eat raw meat.
Your natural rate of healing is unusually fast.
You are covered in fur. (AC +1)
You have very tough skin. (AC +2)


Message History

You are too injured to fight recklessly!
You are too injured to fight recklessly!
The bat closely misses you.
There is a large open door here.
The bat hits you but does no damage.
There is a large open door here.
The bat closely misses you.
You closely miss the bat. The bat closely misses you.
You miss the quokka. The bat hits you but does no damage. The quokka bites you.
* * * LOW HITPOINT WARNING * * *
The quokka barely misses you.
You claw the quokka!
You kill the quokka!
The bat barely misses you.
You claw the frilled lizard!
You kill the frilled lizard!
You claw the bat!
You kill the bat!
The worm bites you!
You die...

#.###..##.#
#.........#
#########
######.####
#........ #.#
#........
###'#######........
#...)..(.##........
#........##.$......
#.......†##........
#..>..^..@w........
#........##).......
#........##.......!
#...(....##........
#........##........
#........##........
#........##########
#..[.....#
#........#


You could see a worm.

Vanquished Creatures
  2 dart slugs (D:1)
  4 bats
  3 giant cockroaches (D:1)
  3 goblins
  2 hobgoblins (D:1)
  3 jackals (D:1)
  2 quokkas (D:2)
  6 frilled lizards
  3 kobolds (D:1)
  7 rats (D:1)
35 creatures vanquished.

Notes
Turn   | Place    | Note
-------+----------+-------------------------------------------
     0 | D:1      | galech the Troll Monk began the quest for the Orb.
     0 | D:1      | Reached XP level 1. HP: 22/22 MP: 0/0
   164 | D:1      | Reached XP level 2. HP: 29/29 MP: 1/1
   656 | D:1      | Reached XP level 3. HP: 36/36 MP: 2/2
   977 | D:2      | Slain by a worm

Vault maps used:
D:1:      eino_arrival_cavern_a, minmay_lizard_pond

Action                   || total
-------------------------++-------
Melee: Unarmed           ||    89
 Stab: Sleeping          ||     2
  Eat: Chunk             ||    14
Armor: Robe              ||    47
Dodge: Dodged            ||    58

Table legend:
 A = Spawn XP
 B = Non-spawn XP
 C = Spawn XP percentage of total XP
 D = Spawn monster count
 E = Non-spawn monster count
 F = Spawn count percentage of total count
 G = Total turns spent on level
                    A         B        C        D         E        F      G
               +---------+---------+-------+---------+---------+-------+---------
         Total |       0 |      56 |   0.0 |       0 |      35 |   0.0 |   977
               +---------+---------+-------+---------+---------+-------+---------
           D:1 |       0 |      46 |   0.0 |       0 |      29 |   0.0 |   903
           D:2 |       0 |      10 |   0.0 |       0 |       6 |   0.0 |    74
               +---------+---------+-------+---------+---------+-------+---------
